 Dungeon Crawl Stone Soup version 0.26.1-11-gd32895ea62 (webtiles) character file.

Game seed: 5044787671595992453

371 Zeld the Shield-Bearer (level 7, -7/52 HPs)
             Began as a Human Fighter on Aug 2, 2021.
             Killed by nerve-wracking pain
             ... invoked by a shadow imp
             ... summoned by Eustachio
              (12 damage)
             ... on level 4 of the Dungeon on Aug 4, 2021.
             The game lasted 00:17:20 (5669 turns).

Zeld the Shield-Bearer (Human Fighter)              Turns: 5669, Time: 00:17:20

Health: -7/52      AC: 12    Str: 18      XL:     7   Next: 2%
Magic:  7/7        EV:  3    Int:  8      God:
Gold:   195        SH:  9    Dex:  9 (13) Spells: 6/6 levels left

rFire    . . .     SeeInvis .   a - +0 long sword
rCold    . . .     Faith    .   c - +0 kite shield
rNeg     . . .     Spirit   .   o - +0 plate armour
rPois    .         Reflect  .   (no helmet)
rElec    .         Harm     .   (no cloak)
rCorr    .         Rampage  .   (no gloves)
Will     .....                  g - +0 pair of boots
Stlth    ..........             (no amulet)
HPRegen  0.17/turn              (no ring)
MPRegen  0.10/turn              (no ring)

@: no status effects
A: no striking features
a: no special abilities


You were on level 4 of the Dungeon.
You visited 1 branch of the dungeon, and saw 4 of its levels.

You collected 195 gold pieces.

Inventory:

Hand Weapons
 a - a +0 long sword (weapon)
Missiles
 f - 5 poisoned darts
 n - 59 stones (quivered)
 t - 5 boomerangs
Armour
 c - a +0 kite shield (worn)
 g - a +0 pair of boots (worn)
 o - a +0 plate armour (worn)
Jewellery
 j - an uncursed ring of fire {unknown}
 v - an uncursed ring of wizardry {unknown}
Scrolls
 e - a scroll of identify {unknown}
 i - 2 scrolls of fear {unknown}
 k - 2 scrolls of remove curse {unknown}
 q - a scroll of amnesia {unknown}
 s - a scroll of magic mapping {unknown}
 u - a scroll of noise {unknown}
 w - a scroll of immolation {unknown}
 x - a scroll of enchant armour {unknown}
Potions
 b - 2 potions of curing {unknown}
 d - 2 potions of might
 h - 4 potions of brilliance {unknown}
 l - a potion of ambrosia {unknown}
 m - a potion of magic {unknown}
 p - a potion of lignification {unknown}
 r - a potion of mutation {unknown}


   Skills:
 + Level 3.5 Fighting
 * Level 3.5 Long Blades
 * Level 2.7 Throwing
 + Level 3.6 Armour
 + Level 1.8 Dodging
 + Level 1.8 Stealth
 * Level 4.1 Shields


You had 6 spell levels left.
You didn't know any spells.
Your spell library was empty.

Dungeon Overview and Level Annotations

Branches:
Dungeon (4/15)
 Temple: D:4-7

Altars:

Annotations:
D:3 1 runed translucent door, bronco's ghost, amateur DrTm
D:4 Eustachio; Grinder


Message History

The quasit bites you but does no damage.
The quasit claws you but does no damage. x2
The shadow imp hits you but does no damage.
You miss the quasit.
The quasit is moderately wounded.
You block the quasit's attack.
The quasit claws you but does no damage. x2
The shadow imp barely misses you.
Eustachio casts a spell.
Eustachio blinks!
You hit the quasit.
The quasit is heavily wounded.
The quasit bites you.
* * * LOW HITPOINT WARNING * * *
You feel clumsy.
The quasit claws you but does no damage.
You block the quasit's attack.
The crimson imp blinks!
The shadow imp gestures at you. Pain shoots through your body!
You die...

#. #≈≈≈≈#.## #.
##≈≈##..# #
#≈≈#...### #.
##''##....#
#..#≈≈.≈#r##.######
#.######.#.......#
#.......5#.......#
###.###r##..(....#
#.5@5r§((((....#
########.(.>...#
#.......#
......(########
..$.... .@.....
....... .......
.......


You could see a quasit (summoned), a crimson imp (summoned), a river rat
(summoned), a shadow imp (summoned) and a quokka (summoned).

Vanquished Creatures
  A scorpion (D:4)
  4 orc wizards
  Jessica (D:3)
  An iguana (D:3)
  Terence (D:3)
  A hound skeleton (D:4)
  3 adders
  An ooze (D:3)
  A worm (D:2)
  2 dart slugs
  4 leopard geckos
  14 orcs
  A ball python (D:4)
  4 bats
  8 giant cockroaches
  5 hobgoblins
  4 jackals (D:3)
  A frilled lizard (D:2)
  3 goblins
  2 kobolds (D:3)
  5 rats
67 creatures vanquished.

Notes
Turn   | Place    | Note
-------+----------+-------------------------------------------
     0 | D:1      | Zeld the Human Fighter began the quest for the Orb.
     0 | D:1      | Reached XP level 1. HP: 18/18 MP: 1/1
   555 | D:1      | Reached XP level 2. HP: 24/24 MP: 2/2
  1894 | D:2      | Reached XP level 3. HP: 29/29 MP: 3/3
  2009 | D:2      | Reached skill level 1 in Throwing
  2520 | D:3      | Reached skill level 1 in Dodging
  2520 | D:3      | Reached XP level 4. HP: 14/35 MP: 4/4
  2718 | D:3      | Found a runed translucent door.
  2937 | D:3      | Reached skill level 1 in Stealth
  2985 | D:3      | Noticed Jessica
  2991 | D:3      | Reached XP level 5. HP: 41/41 MP: 5/5
  2997 | D:3      | Killed Jessica
  3456 | D:3      | Noticed Terence
  3479 | D:3      | Killed Terence
  4078 | D:3      | Reached XP level 6. HP: 38/47 MP: 6/6
  4267 | D:3      | Noticed bronco's ghost (amateur DrTm)
  4361 | D:4      | Noticed Grinder
  4361 | D:4      | Paralysed by Grinder for 3 turns
  5188 | D:4      | Reached skill level 4 in Shields
  5534 | D:4      | Noticed Eustachio
  5641 | D:4      | Reached XP level 7. HP: 21/52 MP: 7/7
  5669 | D:4      | Killed from afar by a shadow imp

Illustrated notes

Levels and vault maps discovered:
D:1:      dpeg_arrival_pits, layout_loops_cross, minmay_misc_feat_tiny,
          hangedman_decor_growths
D:2:      layout_loops_corners
D:3:      layout_loops_ring, ebering_ghost_reflecting_pool, uniq_terence,
          uniq_jessica
D:4:      layout_rooms, gup_sewer_entry_bowl, nicolae_ossuary_entry_monument,
          minmay_crystal_water, uniq_grinder, uniq_purgy, uniq_eustachio

Skill      XL: |  1  2  3  4  5  6 |
---------------+-------------------+-----
Throwing       | 1 2 |  2.7
Dodging        | 1 |  1.8
Stealth        | 1 |  1.8
Long Blades    | 3 |  3.5
Shields        | 4 |  4.1
Fighting       | |  3.5
Armour         | |  3.6

Action                   |  1- 3 |  4- 6 |  7- 9 || total
-------------------------+-------+-------+-------++-------
Melee: Long sword        |   119 |   276 |    29 ||   424
Throw: Stone             |    23 |    89 |       ||   112
       Dart              |     5 |    12 |       ||    17
Armor: Scale mail        |    18 |       |       ||    18
       Plate armour      |    46 |   200 |    43 ||   289
Dodge: Dodged            |    11 |    49 |    11 ||    71
Block: Kite shield       |    49 |   178 |    21 ||   248
       Rpst.: Long sword |     4 |    16 |     1 ||    21
